[Event "1000GM Schev-G4 May 2024"]
[Site "Sunnyvale"]
[Date "2024.05.13"]
[Round "5.5"]
[White "Ramirez, Carlos"]
[Black "Bhatta, Rohit"]
[Result "1-0"]
[ECO "D35"]
[WhiteElo "2163"]
[BlackElo "1976"]
[Annotator "ChessBase"]
[PlyCount "103"]
[EventDate "2024.05.10"]
[EventType "schev"]
[EventCountry "USA"]
[SourceTitle "playchess.com"]
[Source "ChessBase"]
[SourceQuality "1"]
[TimeControl "5400+30"]

1. d4 Nf6 2. c4 e6 3. Nc3 d5 4. cxd5 exd5 5. Bg5 c6 6. e3 Bf5 7. g4 Bg6 8. Bd3 Bxd3 9. Qxd3 Nbd7 10. f3 Be7 11. O-O-O Qa5 12. Kb1 O-O-O 13. Nge2 Kb8 14. Bf4+ Ka8 15. Nc1 Nb6 16. Bc7 Rc8 17. Nb3 Qb4 18. Bxb6 axb6 19. g5 Nd7 20. Qf5 Qd6 21. e4 Qe6 22. Qf4 Qg6 23. h4 dxe4 24. fxe4 Bd6 25. Qf3 Rhe8 26. Rdf1 Re7 27. Rhg1 Bb4 28. h5 Qe6 29. Nd2 Qd6 30. Qe3 b5 31. Rg2 Nb6 32. Rgf2 Bxc3 33. Qxc3 Na4 34. Qd3 Rcc7 35. Rf3 Rcd7 36. Nb3 Qb4 37. Qe3 Nb6 38. a3 Qd6 39. Nc5 Nc4 40. Qc3 Rc7 41. b3 Nxa3+ 42. Kb2 b6 43. e5 Qd5 44. Na6 Ra7 45. Nb4 Nc4+ 46. bxc4 Qe4 47. cxb5 c5 48. dxc5 Ra4 49. Rf4 Qe2+ 50. Nc2 Rea7 51. Rxa4 Rxa4 52. Qf3+ 1-0